 Dungeon Crawl Stone Soup version 0.27-a0-901-g8736458 (webtiles) character file.

Game seed: 4874912133732365557

2 Nithhogg the Skirmisher (level 1, 0/18 HPs)
             Began as a Demonspawn Fighter on Apr 5, 2021.
             Succumbed to a goblin's poison
             ... on level 1 of the Dungeon.
             The game lasted 00:00:10 (175 turns).

Nithhogg the Skirmisher (Demonspawn Fighter)         Turns: 175, Time: 00:00:10

Health: 0/18       AC:  6    Str: 16    XL:     1   Next: 33%
Magic:  1/1        EV:  9    Int:  9    God:
Gold:   35         SH:  0    Dex: 12    Spells: 0/0 levels left

rFire    . . .     SeeInvis .   a - +0 long sword
rCold    . . .     Faith    .   (no shield)
rNeg     . . .     Spirit   .   b - +0 scale mail
rPois    .         Reflect  .   (no helmet)
rElec    .         Harm     .   (no cloak)
rCorr    .         Rampage  .   (no gloves)
Will     .....                  (no boots)
Stlth    ..........             (no amulet)
HPRegen  0.06/turn              (no ring)
MPRegen  0.07/turn              (no ring)

@: lethally poisoned (0 -> -21)
A: no striking features
a: no special abilities


You were on level 1 of the Dungeon.
You visited 1 branch of the dungeon, and saw 1 of its levels.

You collected 35 gold pieces.

Inventory:

Hand Weapons
 a - a +0 long sword (weapon)
Armour
 b - a +0 scale mail (worn)
 c - a +0 kite shield
Potions
 d - a potion of might


   Skills:
 + Level 3.0 Fighting
 + Level 1.8 Long Blades
 + Level 2.7 Armour
 + Level 0.1 Dodging
 - Level 2.6 Shields


You couldn't memorise any spells.
You didn't know any spells.
Your spell library was empty.

Dungeon Overview and Level Annotations

Branches:
Dungeon (1/15)

Altars:


Message History

You hit the kobold.
You kill the kobold!
The rat closely misses you.
You hit the giant cockroach.
The giant cockroach is severely wounded.
The giant cockroach bites you but does no damage.
The rat completely misses you.
The giant cockroach bites you but does no damage.
You hit the giant cockroach.
You kill the giant cockroach!
The rat bites you but does no damage.
Your scale mail prevents you from hitting the rat.
The rat bites you but does no damage.
A jackal comes into view.
The goblin hits you with a +0 dagger of venom.
You are poisoned.
The rat barely misses you.
The jackal barks!
You slash the rat!
You kill the rat!
You feel very sick.
A jackal comes into view.
The goblin hits you with a +0 dagger of venom.
You completely miss the goblin.
You feel sick.
The jackal barks!
The goblin hits you but does no damage.
You are lethally poisoned!
You closely miss the goblin.
You feel very sick.
The goblin hits you with a +0 dagger of venom.
* * * LOW HITPOINT WARNING * * *
The goblin hits you but does no damage.
You are more poisoned.
You are too injured to fight recklessly!
You are too injured to fight recklessly!
You are too injured to fight recklessly!
You are too injured to fight recklessly!
You are too injured to fight recklessly!
You are too injured to fight recklessly!
You die...

#.........+.........###.....
......#.##.####.##.#.##.##
......#.###.###.###.###.##
##### #.####.##.##.#.##.## #
#..####.#.#.###.#.#.
#.##...###...#####...#
#.####.# ##.........##
..##..##..####+#######'##
.......#@................
......)..########>#######
..>...g..# .....h.#.#
....h..#.# .........#
.........# .......###
..##..#


You could see 2 jackals and a goblin.

Vanquished Creatures
  A giant cockroach (D:1)
  A kobold (D:1)
  A rat (D:1)
3 creatures vanquished.

Notes
Turn   | Place    | Note
-------+----------+-------------------------------------------
     0 | D:1      | Nithhogg the Demonspawn Fighter began the quest for the
                  | Orb.
     0 | D:1      | Reached XP level 1. HP: 18/18 MP: 1/1
   175 | D:1      | Succumbed to a goblin's poison

Illustrated notes

Levels and vault maps discovered:
D:1:      roderic_octagonal_star, layout_basic,
          shapermc_ecumenical_altar_flowoftime, st_stairs_5

Action                   || total
-------------------------++-------
Melee: Long sword        ||     7
Armor: Scale mail        ||     7
Dodge: Dodged            ||     3

Table legend: (Time is in decaauts)
 A = Elapsed time spent in this place.
 B = Non-inter-level travel time spent in this place.
 C = Inter-level travel time spent in this place.
 D = Time resting spent in this place.
 E = Time spent auto-exploring this place.
 F = Levels seen in this place.
 G = Mean time per level.
                   A        B        C        D        E       F      G
               +--------+--------+--------+--------+--------+-----+--------+
         Total |    177 |    177 |      0 |      0 |    160 |   1 |  177.0 |
       Dungeon |    177 |    177 |      0 |      0 |    160 |   1 |  177.0 |
               +--------+--------+--------+--------+--------+-----+--------+

Top non-repeatable levels by time:
     D:1: 177 daAuts
